 Dungeon Crawl Stone Soup version 0.29.1-12-g30fa7ad0bf (webtiles) character file.

Game seed: 5845942608044907851

87 MisterFreud the Twirler (level 4, 0/33 HPs)
             Began as a Formicid Gladiator on Dec 27, 2022.
             Slain by Crazy Yiuf
             ... wielding a +4 quarterstaff of chaos
              (3 damage)
             ... on level 2 of the Dungeon.
             The game lasted 00:02:40 (2696 turns).

MisterFreud the Twirler (Formicid Gladiator)        Turns: 2696, Time: 00:02:42

Health: 0/33       AC:  9    Str: 20    XL:     4   Next: 80%
Magic:  4/4        EV:  8    Int:  8    God:
Gold:   94         SH:  5    Dex: 15    Spells: 3/3 levels left

rFire   . . .      SeeInvis +   a - +0 quarterstaff
rCold   . . .      Faith    .   (no shield)
rNeg    . . .      Spirit   .   q - +0 chain mail
rPois   .          Reflect  +   (helmet unavailable)
rElec   .          Harm     .   (no cloak)
rCorr   .          Rampage  .   (no gloves)
Will    +....                   l - +0 pair of boots
Stlth   ..........              h - amulet of reflection
HPRegen 0.11/turn               f - ring of willpower
MPRegen 0.09/turn               (no ring)

@: lethally poisoned (0 -> -6)
A: permanent stasis, dig shafts and tunnels, antennae 3, four strong arms
a: Dig, Shaft Self


You were on level 2 of the Dungeon.
You visited 1 branch of the dungeon, and saw 4 of its levels.

You collected 94 gold pieces.

Inventory:

Hand Weapons
 a - a +0 quarterstaff (weapon)
Missiles
 c - 3 throwing nets (quivered)
 d - 3 javelins
Armour
 b - a +1 leather armour
 l - a +0 pair of boots (worn)
 q - a +0 chain mail (worn)
 t - a +0 tower shield
Jewellery
 f - a ring of willpower (left hand)
 h - an amulet of reflection (around neck)
Wands
 r - a wand of polymorph (6)
Scrolls
 k - 2 scrolls of amnesia
 n - a scroll of enchant weapon {unknown}
 s - a scroll of silence {unknown}
Potions
 e - 2 potions of mutation {unknown}
 g - 2 potions of heal wounds
 i - a potion of curing {unknown}
 j - 2 potions of haste {unknown}
 m - a potion of attraction {unknown}
 o - a potion of resistance {unknown}
 p - a potion of flight {unknown}


   Skills:
 - Level 2.1 Fighting
 + Level 4.6 Staves
 - Level 2.0 Throwing
 + Level 2.0 Armour
 - Level 2.6 Dodging


You had 3 spell levels left.
You didn't know any spells.
Your spell library contained the following spells:

 Spells                   Type           Power      Damage    Failure   Level
 Summon Small Mammal      Summ           0%         N/A       99%         1
 Call Canine Familiar     Summ           0%         N/A       100%        3
 Summon Guardian Golem    Hex/Summ       0%         N/A       100%        3


Dungeon Overview and Level Annotations

Branches:
Dungeon (4/15)
 Temple: D:4-7

Altars:

Annotations:
D:2 Crazy Yiuf


Innate Abilities, Weirdness & Mutations

You cannot be hasted, slowed, berserked, paralysed or teleported.
You can dig through walls and to a lower floor.
You have a pair of large antennae on your head. (SInv)
Your four strong arms can wield two-handed weapons with a shield.


Message History

You hit Crazy Yiuf.
Crazy Yiuf is lightly wounded.
You block Crazy Yiuf's attack.
You hit Crazy Yiuf but do no damage.
Crazy Yiuf is lightly wounded.
Crazy Yiuf hits you with a +4 quarterstaff of chaos!
Crazy Yiuf burns you.
You hit Crazy Yiuf.
Crazy Yiuf is lightly wounded.
Crazy Yiuf hits you with a +4 quarterstaff of chaos.
You resist with almost no effort.
You hit Crazy Yiuf but do no damage.
Crazy Yiuf is lightly wounded.
Crazy Yiuf laughs, "Cholesterol!
Sif Muna rumpyflump Orb Guardian."
Crazy Yiuf barely misses you.
You barely miss Crazy Yiuf.
Crazy Yiuf is lightly wounded.
Crazy Yiuf hits you with a +4 quarterstaff of chaos!
* * * LOW HITPOINT WARNING * * *
Crazy Yiuf freezes you.
* * * LOW HITPOINT WARNING * * *
You hit Crazy Yiuf.
Crazy Yiuf is moderately wounded.
Crazy Yiuf grits, "Goober King verde!"
Crazy Yiuf completely misses you.
You feel much better.
Crazy Yiuf hits you with a +4 quarterstaff of chaos!
You are poisoned.
You sock Crazy Yiuf!
Crazy Yiuf is almost dead.
You feel very sick.
Crazy Yiuf hits you with a +4 quarterstaff of chaos!
Crazy Yiuf barely misses you.
You closely miss Crazy Yiuf.
Crazy Yiuf is almost dead.
You feel sick.
Crazy Yiuf hits you with a +4 quarterstaff of chaos!
* * * LOW HITPOINT WARNING * * *
Crazy Yiuf burns you.
You die...

.#.# #........## ...#
#.<.[...... ..#######
#........## )...)...#
##.......## .######.#
#.......+. .#..###.#
#.......##
.#..)...##♣♣ ###
#.........
.##'###.#..♣♣ ♣♣#)))#
##########
............♣♣♣♣@g)).#
##..........)♣))♣#)))#
##......#..)♣)♣♣♣ ###
##......##♣♣♣♣♣ ####
######### #... ####
##### #.## ...######
#...# #.# ........#
#...# #.## ........#
#...############ #...


You could see Crazy Yiuf.

Vanquished Creatures
  Robin (D:2)
  A gnoll (D:4)
  An adder (D:2)
  A worm (D:2)
  An orc (D:3)
  4 endoplasms
  A giant cockroach (D:3)
  11 goblins (D:2)
  5 hobgoblins
  3 jackals (D:3)
  2 quokkas
  5 ball pythons
  4 bats
  4 frilled lizards
  4 kobolds
  6 rats
54 creatures vanquished.

Vanquished Creatures (others)
  32 plants (D:2)
32 creatures vanquished.

Grand Total: 86 creatures vanquished

Notes
Turn   | Place    | Note
-------+----------+-------------------------------------------
     0 | D:1      | MisterFreud the Formicid Gladiator began the quest for the
                  | Orb.
     0 | D:1      | Reached XP level 1. HP: 16/16 MP: 1/1
   386 | D:1      | Reached XP level 2. HP: 22/22 MP: 2/2
   797 | D:1      | Found a faded altar of an unknown god.
  1254 | D:2      | You fall into a shaft and drop 2 floors!
  1557 | D:3      | Reached skill level 4 in Staves
  1557 | D:3      | Reached XP level 3. HP: 21/26 MP: 3/3
  1767 | D:2      | Identified the +1 helmet of the Red God {rElec Str-3 Int+5}
  1767 | D:2      | Noticed Robin
  1792 | D:2      | You fall into a shaft and drop 2 floors!
  1805 | D:4      | Reached skill level 1 in Armour
  2073 | D:3      | Reached XP level 4. HP: 31/33 MP: 4/4
  2139 | D:2      | Killed Robin
  2682 | D:2      | Found a runed translucent door.
  2682 | D:2      | Identified the +8 hammer of Zinew {freeze, Int+3}
  2683 | D:2      | Noticed Crazy Yiuf
  2696 | D:2      | Slain by Crazy Yiuf

Illustrated notes

Levels and vault maps discovered:
D:1:      dpeg_arrival_erosion, layout_basic,
          shapermc_ecumenical_altar_mp_urbaneastern
D:2:      layout_basic, serial_bayou, serial_bayou_pond_c, serial_bayou_shore_a,
          serial_bayou_pond_e, serial_bayou_ford_a, uniq_crazy_yiuf_cottage,
          uniq_robin
D:3:      layout_rooms, gammafunk_ghost_arena, serial_undead, serial_undead_f,
          serial_undead_b, serial_undead_f, serial_undead_b, serial_undead_c,
          kennysheep_generic_room_6, uniq_jessica
D:4:      layout_cave_pods

Skill      XL: |  1  2  3  4 |
---------------+-------------+-----
Staves         | 4 |  4.6
Armour         | 1 2 |  2.0
Fighting       | |  2.1
Throwing       | |  2.0
Dodging        | |  2.6

Action                   |  1- 3 |  4- 6 || total
-------------------------+-------+-------++-------
Melee: Quarterstaff      |   112 |    51 ||   163
       Punch             |       |     1 ||     1
 Abil: Shaft Self        |     2 |       ||     2
       Dig               |     1 |       ||     1
  Use: Scroll            |     6 |       ||     6
       Potion            |       |     1 ||     1
Armor: Leather armour    |    19 |       ||    19
       Chain mail        |    43 |    25 ||    68
Dodge: Dodged            |    69 |    15 ||    84
Block: Other             |    35 |    12 ||    47
